 Dungeon Crawl Stone Soup version 0.31-a0-360-gb3e1d13bf4 (webtiles) character file.

Game seed: 1204500625579664390

51962 randomguy2701 the Severer (level 14, -3/135 HPs)
             Began as a Minotaur Fighter on July 27, 2023.
             Was a Follower of Ashenzari.
             Slain by an 18-headed hydra (7 damage)
             ... on level 5 of the Lair of Beasts.
             The game lasted 00:43:13 (17804 turns).

randomguy2701 the Severer (Minotaur Fighter)       Turns: 17804, Time: 00:43:14

Health: -3/135     AC: 26    Str: 29    XL:     14   Next: 25%
Magic:  13/13      EV: 10    Int:  5    God:    Ashenzari [*.....]
Gold:   729        SH: 13    Dex: 19    Spells: 13/13 levels left

rFire   . . .        b - +7 hand axe
rCold   . . .        c - +0 buckler "Restrained Together" {Fort, Bglg} (curse)
rNeg    . . .        y - +7 plate armour
rPois   .            (helmet restricted)
rElec   .            (no cloak)
rCorr   .            (no gloves)
SInv    .            x - +0 pair of boots of Supernal Knowledge {Self, Comp} (curse)
Will    +....        S - amulet of Naits {Reflect Regen+ SH+5} Stlth
                     h - +6 ring of dexterity
HPRegen 1.22/turn    C - +6 ring of strength
MPRegen 0.13/turn

%: reflection
@: no status effects
A: horns 2, retaliatory headbutt
a: Renounce Religion, Curse Item, Shatter the Chains


You were on level 5 of the Lair of Beasts.
You worshipped Ashenzari.
Ashenzari was aware of your devotion.
You visited 2 branches of the dungeon, and saw 15 of its levels.

You collected 923 gold pieces.
You spent 194 gold pieces at shops.

Inventory:

Hand Weapons
 b - a +7 hand axe (weapon)
 Q - a +0 war axe of draining
Missiles
 O - 3 throwing nets
Armour
 c - the cursed +0 buckler "Restrained Together" (worn) {Fort, Bglg}

   It has a curse which improves the following skills: Fortitude: Armour and
   Shields.
   Beguiling: Conjurations, Hexes and Translocations.
 x - the cursed +0 pair of boots of Supernal Knowledge (worn) {Self, Comp}
   (You found it on level 1 of the Dungeon)

   It has a curse which improves the following skills: Introspection: Fighting
   and Spellcasting.
   Companions: Summonings and Necromancy.
 y - a +7 plate armour (worn)
Jewellery
 h - a +6 ring of dexterity (left hand)
 p - an amulet of faith
 s - a ring of willpower
 w - a ring of protection from fire
 C - a +6 ring of strength (right hand)
 K - an amulet of the acrobat
 N - a +6 ring of intelligence
 S - the amulet of Naits (around neck) {Reflect Regen+ SH+5}
   (You found it on level 10 of the Dungeon)

   [amulet of reflection]

   It reflects blocked missile attacks.
   Regen:     It increases your rate of health regeneration.
   SH:        It affects your SH (+5).
 T - a ring of see invisible
 X - a ring of ice
Wands
 i - a wand of digging (5)
 A - a wand of flame (51)
 H - a wand of mindburst (17)
 I - a wand of polymorph (9)
 L - a wand of charming (10)
 R - a wand of iceblast (12)
 Y - a wand of light (3)
Scrolls
 d - 3 scrolls of immolation
 g - 3 scrolls of fear
 j - 3 scrolls of torment
 m - 5 scrolls of teleportation
 n - 2 scrolls of vulnerability
 q - 4 scrolls of amnesia
 u - 2 scrolls of brand weapon
 v - 2 scrolls of blinking
 B - 8 scrolls of fog
 D - a scroll of revelation
 J - 3 scrolls of acquirement
 P - 5 scrolls of noise
 W - a scroll of poison
 Z - a scroll of enchant weapon
Potions
 a - a potion of might
 e - a potion of mutation
 f - 5 potions of degeneration
 k - a potion of cancellation
 l - a potion of haste
 r - 2 potions of enlightenment
 t - 2 potions of curing
 z - 3 potions of ambrosia
 E - a potion of resistance
 F - a potion of invisibility
 G - 2 potions of lignification
 V - a potion of berserk rage


   Skills:
 + Level 14.4(15.1) Fighting
 + Level 16.7 Axes
 + Level 15.4(16.1) Armour
 + Level 4.3 Dodging
 + Level 1.3 Stealth
 + Level 13.0(13.7) Shields
 * Level 3.8 Evocations


You had 13 spell levels left.
You didn't know any spells.
Your spell library contained the following spells:

 Spells                   Type           Power      Damage    Failure   Level
 Apportation              Tloc           0%         N/A       97%         1
 Necrotise                Necr           0%         1d4       97%         1
 Sandblast                Erth           0%         2d4       97%         1
 Summon Small Mammal      Summ           0%         N/A       97%         1
 Blink                    Tloc           0%         N/A       99%         2
 Cigotuvi's Dreadful Rot  Necr/Pois/Air  0%         N/A       99%         2
 Lesser Beckoning         Tloc           0%         N/A       99%         2
 Momentum Strike          Conj/Tloc      0%         3d8       99%         2
 Passwall                 Tmut/Erth      0%         N/A       99%         2
 Sublimation of Blood     Necr           0%         N/A       99%         2
 Frozen Ramparts          Ice            0%         1d1       100%        3
 Inner Flame              Hex/Fire       0%         N/A       100%        3
 Stone Arrow              Conj/Erth      0%         3d7       100%        3
 Vampiric Draining        Necr           0%         2d6       100%        3
 Cause Fear               Hex            0%         N/A       100%        4
 Dispel Undead            Necr           0%         3d6       100%        4
 Flame Wave               Conj/Fire      0%         2d4       100%        4
 Passage of Golubria      Tloc           0%         N/A       100%        4
 Petrify                  Tmut/Erth      0%         N/A       100%        4
 Sticky Flame             Conj/Fire      0%         2d3       100%        4
 Agony                    Necr           0%         N/A       100%        5
 Fireball                 Conj/Fire      0%         3d3       100%        5
 Irradiate                Conj/Tmut      0%         3d11      100%        5
 Metabolic Englaciation   Hex/Ice        0%         N/A       100%        5
 Silence                  Hex/Air        0%         N/A       100%        5
 Death Channel            Necr           0%         N/A       100%        6
 Lehudib's Crystal Spear  Conj/Erth      0%         10d2      100%        8
 Dragon's Call            Summ           0%         N/A       100%        9


Dungeon Overview and Level Annotations

Branches:
Dungeon (10/15)            Temple (0/1) D:7            Lair (5/5) D:9
 Shoals (0/4) Lair:3        Snake (0/4) Lair:2        Slime (0/5) Lair:4
    Orc (0/2) D:9

Altars:
Ashenzari
Cheibriados
Elyvilon
Gozag
Hepliaklqana
Kikubaaqudgha
Makhleb
Nemelex Xobeh
Qazlal
Ru
Sif Muna
Vehumet
Wu Jian
Xom
Zin
The Shining One
Jiyva

Shops:
D:7 ?   D:9 [


Innate Abilities, Weirdness & Mutations

You have a pair of horns on your head.
You reflexively headbutt those who attack you in melee.


Message History

You block the 18-headed hydra's attack. The 18-headed hydra bites you.
* * * LOW HITPOINT WARNING * * *
The 18-headed hydra closely misses you. x2
The 18-headed hydra bites you but does no damage.
The 18-headed hydra bites you!
* * * LOW HITPOINT WARNING * * *
The 18-headed hydra closely misses you.
The 18-headed hydra bites you but does no damage. x2
The 18-headed hydra bites you.
* * * LOW HITPOINT WARNING * * *
You block the 18-headed hydra's attack.
The 18-headed hydra bites you but does no damage.
Okay, then.
You feel much better.
The 18-headed hydra bites you but does no damage.
The 18-headed hydra barely misses you.
You block the 18-headed hydra's attack. x2
The 18-headed hydra barely misses you.
The 18-headed hydra bites you but does no damage.
The 18-headed hydra closely misses you. The 18-headed hydra bites you.
* * * LOW HITPOINT WARNING * * *
The 18-headed hydra bites you!
* * * LOW HITPOINT WARNING * * *
The 18-headed hydra barely misses you. You block the 18-headed hydra's attack.
The 18-headed hydra misses you. The 18-headed hydra closely misses you.
The 18-headed hydra bites you but does no damage.
The 18-headed hydra misses you.
The 18-headed hydra bites you but does no damage.
You block the 18-headed hydra's attack. The 18-headed hydra closely misses you.
The 18-headed hydra attacks as you move away!
The 18-headed hydra barely misses you. x2
You block the 18-headed hydra's attack.
The 18-headed hydra bites you but does no damage. x2
You block the 18-headed hydra's attack.
The 18-headed hydra bites you but does no damage.
You block the 18-headed hydra's attack. The 18-headed hydra bites you.
* * * LOW HITPOINT WARNING * * *
The 18-headed hydra bites you.
* * * LOW HITPOINT WARNING * * *
The 18-headed hydra barely misses you. The 18-headed hydra bites you!
You die...

###### ######..#.# #####
#.........###...# ##### #
#...............###.P#.
###.................#....#
#............†............#### #
.......##...#.##...........#.##..
....#...##..####@...##....#.#...P
.#..#....#### ##D.####..........
.#...P...~.# #..##.#####..#.##.
..~.....~.~. ##....####...###
~......~.~....P.#....#........###
.P..~~~~~~.~.~....P.........P...#
~~~~~~~#~~~~≈.......#............
~~~~~~~### ≈~~~..~.~#...........#
~P~~~~## ~~~~~~..~#...†........


You could see a 18-headed hydra.

Vanquished Creatures
  A hydra (Lair:4)
  Fannar (Lair:3)
  A boulder beetle (D:10)
  3 two-headed ogres
  5 death yaks (Lair:5)
  2 skysharks (Lair:5)
  A goliath frog (Lair:5)
  A deep troll (Lair:2)
  A lindwurm (Lair:4)
  10 elephants
  A manticore (D:10)
  2 merfolk sirens (Lair:3)
  20 cane toads
  10 black mambas
  A gargoyle (D:10)
  2 torpor snails
  2 unseen horrors (D:10)
  15 komodo dragons
  Maggie (D:8)
  3 rime drakes
  A troll (D:9)
  2 polar bears
  2 merfolk (Lair:3)
  Grinder (D:6)
  2 tyrant leeches (Lair:5)
  3 hornets
  22 blink frogs
  Prince Ribbit (D:6)
  9 dream sheep
  3 shadows
  A vampire (D:10)
  26 yaks
  5 wyverns
  3 wraiths (D:10)
  3 basilisks
  A steam dragon (Lair:1)
  5 vampire mosquitoes
  Edmund (D:4)
  An acid dragon (D:10)
  Duvessa (D:6)
  14 water moccasins
  3 sky beasts
  10 ice beasts
  4 orc warriors
  2 black bears
  10 wolves
  5 centaurs
  4 ogres
  A phantom (D:6)
  3 kobold brigands
  18 bullfrogs
  An elf skeleton (D:8)
  A scorpion (D:5)
  4 wights
  Dowan (D:6)
  10 killer bees
  An electric eel (D:9)
  3 howler monkeys
  7 hounds
  A gnoll bouda (D:10)
  5 orc priests
  A human skeleton (D:8)
  2 sleepcaps
  Ijyb (D:4)
  5 hell rats (Lair:1)
  12 orc wizards
  3 iguanas
  4 adders
  3 gnolls (D:7)
  A worm (D:2)
  35 orcs
  6 bats
  2 endoplasms (D:1)
  7 giant cockroaches
  6 goblins
  4 hobgoblins
  3 jackals (D:1)
  5 quokkas
  7 ball pythons
  16 kobolds
  3 orc skeletons (D:8)
  An orc zombie (D:8)
  2 rats (D:1)
413 creatures vanquished.

Notes
Turn   | Place    | Note
-------+----------+-------------------------------------------
     0 | D:1      | randomguy2701 the Minotaur Fighter began the quest for the
                  | Orb.
     0 | D:1      | Reached XP level 1. HP: 19/19 MP: 0/0
    55 | D:1      | Found a faded altar of an unknown god.
   128 | D:1      | Reached XP level 2. HP: 27/27 MP: 1/1
   273 | D:1      | Reached skill level 3 in Axes
   384 | D:2      | Reached XP level 3. HP: 33/33 MP: 2/2
   897 | D:2      | Reached XP level 4. HP: 27/40 MP: 3/3
   955 | D:2      | Identified the +2 robe "Sosaapt" {rC+ Str+7 Dex-4}
  1262 | D:3      | Noticed an ice beast
  1386 | D:3      | Found a white marble altar of Elyvilon.
  1617 | D:4      | Noticed Edmund
  1628 | D:4      | Killed Edmund
  1629 | D:4      | Reached skill level 4 in Axes
  1629 | D:4      | Reached skill level 1 in Dodging
  1629 | D:4      | Reached XP level 5. HP: 18/47 MP: 4/4
  1996 | D:3      | Found a sacrificial altar of Ru.
  2044 | D:3      | Noticed an ogre
  2057 | D:3      | Killed an ogre
  2058 | D:3      | Reached skill level 5 in Axes
  2058 | D:3      | Reached skill level 5 in Armour
  2058 | D:3      | Reached XP level 6. HP: 14/55 MP: 5/5
  2779 | D:3      | Killed an ice beast
  2780 | D:3      | Reached skill level 5 in Fighting
  2792 | D:4      | Noticed Ijyb
  2796 | D:4      | Killed Ijyb
  2802 | D:4      | Reached skill level 6 in Axes
  2874 | D:4      | Identified the +0 robe of Hicod {rN+ Archmagi}
  3140 | D:4      | Reached XP level 7. HP: 61/61 MP: 6/6
  3264 | D:5      | Entered Level 5 of the Dungeon
  3448 | D:5      | Reached skill level 7 in Axes
  4061 | D:5      | Reached skill level 8 in Axes
  4283 | D:6      | Reached XP level 8. HP: 43/70 MP: 7/7
  4445 | D:6      | Noticed Grinder
  4455 | D:6      | Paralysed by Grinder for 3 turns
  4461 | D:6      | Killed Grinder
  4462 | D:6      | Reached skill level 5 in Shields
  4639 | D:6      | Found a glowing golden altar of the Shining One.
  4654 | D:6      | Reached skill level 9 in Axes
  4694 | D:6      | Found a broken altar of Ashenzari.
  4695 | D:6      | Found a sparkling altar of Nemelex Xobeh.
  4792 | D:6      | Found a glowing silver altar of Zin.
  4911 | D:6      | Noticed Dowan
  4912 | D:6      | Noticed Duvessa
  4917 | D:6      | Killed Dowan
  4922 | D:6      | Killed Duvessa
  4923 | D:6      | Reached skill level 10 in Axes
  4973 | D:6      | Found a hazy altar of Hepliaklqana.
  5021 | D:6      | Noticed a two-headed ogre
  5032 | D:6      | Killed a two-headed ogre
  5033 | D:6      | Reached XP level 9. HP: 21/79 MP: 8/8
  5259 | D:6      | Reached skill level 11 in Axes
  5426 | D:6      | Noticed Prince Ribbit
  5438 | D:6      | Killed Prince Ribbit
  5583 | D:6      | Found a shimmering altar of Xom.
  5683 | D:6      | Became a worshipper of Ashenzari the Shackled
  6107 | D:7      | Found a staircase to the Ecumenical Temple.
  6158 | D:7      | Reached skill level 12 in Axes
  6203 | D:7      | Found Matzauti's Magic Scroll Emporium.
  6222 | D:7      | Found a snail-covered altar of Cheibriados.
  6611 | D:8      | Noticed Maggie
  6631 | D:8      | Killed Maggie
  6632 | D:8      | Reached XP level 10. HP: 71/87 MP: 9/9
  6746 | D:8      | Found an ornate altar of the Wu Jian Council.
  7026 | D:8      | Found an opulent altar of Gozag.
  7129 | D:8      | Found a shimmering blue altar of Sif Muna.
  7137 | D:8      | Found an ancient bone altar of Kikubaaqudgha.
  7146 | D:8      | Found a radiant altar of Vehumet.
  7680 | D:7      | Bought a scroll of enchant weapon for 97 gold pieces
  7683 | D:7      | Bought a scroll of enchant armour for 97 gold pieces
  7757 | D:9      | Reached skill level 13 in Axes
  7951 | D:9      | Found a stormy altar of Qazlal.
  8101 | D:9      | Found Qaidaose's Antique Armour Boutique.
  8152 | D:8      | Reached skill level 1 in Stealth
  8483 | D:9      | Found a staircase to the Lair.
  9094 | D:9      | Paralysed by a hornet for 3 turns
  9104 | D:9      | Reached skill level 10 in Armour
  9257 | D:9      | Found a burning altar of Makhleb.
  9257 | D:9      | Noticed a cacodemon
  9317 | D:9      | Reached skill level 14 in Axes
  9344 | D:9      | Found a staircase to the Orcish Mines.
  9390 | D:9      | Noticed a two-headed ogre
  9408 | D:9      | Killed a two-headed ogre
  9409 | D:9      | Reached XP level 11. HP: 72/97 MP: 10/10
  9757 | D:10     | Entered Level 10 of the Dungeon
 10146 | D:10     | Identified the amulet of Naits {Reflect Regen+ SH+5}
 10183 | D:10     | Paralysed by a hornet for 3 turns
 10734 | D:10     | Noticed a two-headed ogre
 10741 | D:10     | Killed a two-headed ogre
 11040 | D:10     | Reached skill level 10 in Fighting
 11599 | D:10     | Noticed a boulder beetle
 11659 | D:10     | Killed a boulder beetle
 12147 | Lair:1   | Entered Level 1 of the Lair of Beasts
 12329 | Lair:1   | Reached XP level 12. HP: 69/108 MP: 11/11
 12656 | Lair:1   | You fall into a shaft and drop 1 floor!
 12736 | Lair:2   | Found a staircase to the Snake Pit.
 13091 | Lair:1   | Reached * piety under Ashenzari
 13091 | Lair:1   | Identified 2 scrolls of acquirement
 13557 | Lair:2   | Reached skill level 15 in Axes
 13888 | Lair:2   | Reached skill level 10 in Shields
 14587 | Lair:3   | Found a staircase to the Shoals.
 15144 | Lair:3   | Reached XP level 13. HP: 95/122 MP: 12/12
 15319 | Lair:3   | Noticed Fannar
 15340 | Lair:3   | Killed Fannar
 15799 | Lair:4   | Found a viscous altar of Jiyva.
 15799 | Lair:4   | Found a staircase to the Slime Pits.
 15885 | Lair:4   | Reached skill level 16 in Axes
 16364 | Lair:4   | Reached skill level 15 in Armour
 16403 | Lair:4   | Reached skill level 1 in Evocations
 16817 | Lair:4   | Identified Kikubaaqudgha's Almanac of Lamentation
 16879 | Lair:5   | Entered Level 5 of the Lair of Beasts
 17447 | Lair:5   | Reached XP level 14. HP: 133/133 MP: 13/13
 17802 | Lair:5   | HP: 3/135 [18-headed hydra (5)]
 17804 | Lair:5   | Slain by an 18-headed hydra

Illustrated notes

Levels and vault maps discovered:
D:1:      eino_arrival_water_star, layout_rooms,
          hellmonk_ecumenical_altar_lost_god
D:2:      layout_basic
D:3:      layout_basic, elyvilon_altar_1, hangedman_ru_absence
D:4:      layout_rooms, hangedman_decor_lopped, uniq_ijyb, uniq_edmund
D:5:      layout_loops_corners
D:6:      layout_gridville, tgw_xom, nicolae_overflow_macrodata_refinement,
          mainiacjoe_overflow_brackets, grunt_ministairs_6,
          corexii_corridor_pit, hangedman_decor_growths, uniq_duvessa,
          uniq_prince_ribbit1, uniq_grinder
D:7:      layout_basic, mainiacjoe_overflow_six_doors_small, temple_pool_b,
          serial_shops, shop_scrolls
D:8:      layout_basic, palyth_temple_overflow_mages, mainiacjoe_overflow_paths,
          nicolae_wu_jian_immortal_techniques, nicolae_ossuary_entry_catacombs,
          st_stairs_9, uniq_maggie
D:9:      layout_small_grid, nicolae_qazlal_general_emergency,
          makhleb_altar_promises_db, hellmonk_lair_entry_icy, orc_0_dummy,
          serial_shops, nicolae_shop_tiny_real_fake_doors,
          nicolae_lava_and_water
D:10:     minmay_octagon_keep, layout_irregular_city, st_stairs_7,
          minmay_increasing_density
Lair:1:   layout_gridlike, columned_hall_lemuel, nicolae_quartered_pool_impasse,
          beast_lair_carwin_5
Lair:2:   dreamdust_cave_troll, layout_small_grid,
          minmay_snake_entry_six_corridors
Lair:3:   layout_misc_corridors, elwin_shoals_entry_stream, uniq_fannar
Lair:4:   layout_cellular_growth, slime_entry_1, grunt_megastairs_1
Lair:5:   minmay_lair_end_frog_pond, layout_gridlike

Skill      XL: |  1  2  3  4  5  6  7  8  9 10 11 12 13 14 |
---------------+-------------------------------------------+-----
Armour         | 4 5 6 7 8 10 12 14 15 | 15.4
Fighting       | 4 5 7 9 10 12 13 14 | 14.4
Axes           | 3 4 5 6 8 10 12 14 15 16 | 16.7
Shields        | 4 6 7 8 10 12 13 | 13.0
Dodging        | 1 2 3 4 |  4.3
Stealth        | 1 |  1.3
Evocations     | 2 3 |  3.8

Action                     |  1- 3 |  4- 6 |  7- 9 | 10-12 | 13-15 || total
---------------------------+-------+-------+-------+-------+-------++-------
  Melee: War axe           |    90 |    62 |   241 |    42 |       ||   435
         Headbutt          |    11 |    14 |    47 |   173 |   128 ||   373
         Hand axe          |       |       |       |   639 |   468 ||  1107
 Invoke: Curse Item        |       |       |       |     2 |       ||     2
  Evoke: Wand              |       |       |       |       |     8 ||     8
    Use: Potion            |       |       |     1 |     5 |     2 ||     8
         Scroll            |       |       |       |    11 |     7 ||    18
 Armour: Scale mail        |    69 |     3 |       |       |       ||    72
         Plate armour      |       |    29 |   112 |   272 |   215 ||   628
  Dodge: Dodged            |    40 |    19 |    61 |   181 |   162 ||   463
  Block: Buckler           |    25 |    11 |    62 |   157 |   245 ||   500

Table legend: (Time is in decaauts)
 A = Elapsed time spent in this place.
 B = Non-inter-level travel time spent in this place.
 C = Inter-level travel time spent in this place.
 D = Time resting spent in this place.
 E = Time spent auto-exploring this place.
 F = Levels seen in this place.
 G = Mean time per level.
                   A        B        C        D        E       F      G
               +--------+--------+--------+--------+--------+-----+--------+
         Total |  17507 |  16114 |   1393 |   1423 |  11709 |  15 | 1167.1 |
       Dungeon |  12129 |  10977 |   1152 |    672 |   8612 |  10 | 1212.9 |
          Lair |   5378 |   5137 |    241 |    751 |   3097 |   5 | 1075.6 |
               +--------+--------+--------+--------+--------+-----+--------+

Top non-repeatable levels by time:
    D:10: 2158 daAuts
     D:8: 1924 daAuts
     D:3: 1509 daAuts
     D:6: 1440 daAuts
     D:9: 1439 daAuts
  Lair:2: 1239 daAuts
  Lair:4: 1204 daAuts
  Lair:3: 1133 daAuts
  Lair:1: 1109 daAuts
     D:5: 1017 daAuts
     D:2: 867 daAuts
     D:7: 833 daAuts
  Lair:5: 690 daAuts
     D:4: 494 daAuts
     D:1: 445 daAuts
